 Dungeon Crawl Stone Soup version 0.23.2-33-g5129a83184 (webtiles) character file.

Game seed: 3028720657375906025

2676 kae the Impaler (level 9, -4/61 HPs)
             Began as a Merfolk Gladiator on July 26, 2019.
             Was a Believer of Okawaru.
             Killed themself with a badly aimed iceblast (9 damage)
             ... on level 7 of the Dungeon.
             The game lasted 00:10:14 (6697 turns).

kae the Impaler (Merfolk Gladiator)                 Turns: 6697, Time: 00:10:14

Health: -4/61      AC: 13    Str: 16    XL:     9   Next: 64%
Magic:  21/21      EV:  5    Int:  8    God:    Okawaru [**....]
Gold:   443        SH:  0    Dex: 16    Spells: 8/8 levels left

rFire    . . .     SeeInvis .   a - +2 trident
rCold    . . .     Gourm    .   (no shield)
rNeg     . . .     Faith    .   q - +1 chain mail
rPois    .         Spirit   .   c - +1 helmet
rElec    .         Reflect  .   (no cloak)
rCorr    .         Harm     .   e - +1 pair of gloves
MR       .....                  (no boots)
Stlth    ..........             (no amulet)
HPRegen  0.20/turn              o - ring of magical power
MPRegen  0.17/turn              l - -3 ring of evasion (curse)

@: no status effects
A: change form in water, swift swim, stealthy swim
a: Heroism, Renounce Religion


You were on level 7 of the Dungeon.
You worshipped Okawaru.
Okawaru was pleased with you.
You were not hungry.

You visited 2 branches of the dungeon, and saw 9 of its levels.

You collected 443 gold pieces.

Inventory:

Hand Weapons
 a - a +2 trident (weapon)
Missiles
 d - 3 throwing nets (quivered)
Armour
 c - a +1 helmet (worn)
 e - a +1 pair of gloves (worn)
 q - a +1 chain mail (worn)
Jewellery
 l - a cursed -3 ring of evasion (right hand)
 o - a ring of magical power (left hand)
 w - an uncursed ring of fire
Wands
 v - a wand of iceblast (12)
Scrolls
 b - a scroll of enchant weapon
 g - 4 scrolls of fog
 p - a scroll of identify
Potions
 h - a potion of cancellation
 j - a potion of brilliance
 n - a potion of mutation
 t - 2 potions of magic
Comestibles
 f - 19 rations
 m - 6 chunks of flesh


   Skills:
 - Level 2.1 Fighting
 + Level 16.2 Polearms
 - Level 2.0 Throwing
 - Level 4.0 Dodging
 + Level 4.9 Invocations


You had 8 spell levels left.
You didn't know any spells.
Your spell library contained the following spells:

 Spells                   Type           Power        Failure   Level  Hunger
 Sandblast                Erth           #.....       100%        1    ##.....
 Sting                    Conj/Pois      #...         100%        1    ##.....
 Passwall                 Tmut/Erth      #.......     100%        2    ###....
 Poisonous Vapours        Pois/Air       #.....       100%        2    ###....
 Mephitic Cloud           Conj/Pois/Air  #.......     100%        3    ####...
 Stone Arrow              Conj/Erth      #.....       100%        3    ####...
 Olgreb's Toxic Radiance  Pois           #.......     100%        4    #####..
 Petrify                  Tmut/Erth      #.......     100%        4    #####..
 Lee's Rapid Deconstruct  Erth           #.........   100%        5    ######.
 Venom Bolt               Conj/Pois      #.........   100%        5    ######.


Dungeon Overview and Level Annotations

Branches:
Dungeon (8/15)             Temple (1/1) D:6
   Lair: D:8-11

Altars:
Ashenzari
Cheibriados
Dithmenos
Gozag
Hepliaklqana
Kikubaaqudgha
Nemelex Xobeh
Okawaru
Qazlal
Ru
Sif Muna
Trog
Uskayaw
Wu Jian
Xom
Yredelemnul
Zin
The Shining One

Shops:
D:4 (

Annotations:
D:5 3 runed translucent doors, 3AQ79DX4's ghost, novice MiBe; Statics's ghost, novice GnFi; mikogus's ghost, novice MfSk; t4s4d4r's ghost, novice VSTm


Message History

Okay, then.
Okay, then.
Okay, then.
Put on which piece of jewellery? (? for menu, Esc to quit)
Okay, then.
Attack whom?
Press: ? - help, Dir - move target cursor, f - killer bee
Aim: a killer bee
Okay, then.
Evoke which item? (* to show all) (? for menu, Esc to quit)
Aiming: Iceblast
Press: ? - help, Shift-Dir - straight line, f - killer bee
Aim: a killer bee That beam is likely to hit you.
Continue anyway?
The mass of ice explodes!
The iceblast engulfs the killer bee.
The killer bee is moderately wounded.
The iceblast engulfs the killer bee!
The killer bee is heavily wounded.
The iceblast engulfs you!
You die...

.....# .....######
......... .......
....y [.. #'#
####)##############
#..........yyy@Z..#
#####)##.###.#y##.#
#.##.# #.#.# #.##y#
#.#.. ##.##)#
#.#### #.....# #.#
#...### #.# ..
#.#.## #.# ..
#.#..# .#


You could see 4 killer bees and an adder skeleton.

Vanquished Creatures
  Menkaure (D:6)
  Duvessa (D:4)
  2 orc warriors
  A centaur (D:7)
  2 bullfrogs (D:7)
  Dowan (D:4)
  3 scorpions
  11 killer bees
  A vampire bat (D:2)
  2 howler monkeys
  3 crimson imps (D:5)
  A bullfrog zombie (D:6)
  5 hounds
  10 orc wizards
  A quasit (D:7)
  A bullfrog skeleton (D:6)
  4 orc priests
  A jelly (D:6)
  3 iguanas (D:6)
  4 worker ants
  11 gnolls
  9 adders
  An adder zombie (D:6)
  6 worms
  4 leopard geckos
  13 orcs
  11 bats
  A bat skeleton (D:2)
  4 bat zombies (D:2)
  9 giant cockroaches
  7 goblins
  6 hobgoblins
  4 jackals (D:5)
  4 quokkas
  A ball python (D:2)
  A ball python skeleton (D:4)
  14 frilled lizards
  7 kobolds
  A leopard gecko zombie (D:6)
  A quokka skeleton (D:2)
  7 rats
180 creatures vanquished.

Vanquished Creatures (others)
  2 withered plants (D:5)
2 creatures vanquished.

Grand Total: 182 creatures vanquished

Notes
Turn   | Place    | Note
-------+----------+-------------------------------------------
     0 | D:1      | kae the Merfolk Gladiator began the quest for the Orb.
     0 | D:1      | Reached XP level 1. HP: 16/16 MP: 1/1
   199 | D:1      | Reached skill level 5 in Polearms
   259 | D:1      | Reached XP level 2. HP: 22/22 MP: 2/2
   610 | D:2      | Reached skill level 6 in Polearms
   610 | D:2      | Reached XP level 3. HP: 27/27 MP: 3/3
   871 | D:2      | Reached XP level 4. HP: 30/33 MP: 4/4
   894 | D:2      | Reached skill level 7 in Polearms
  1346 | D:2      | Found an ancient bone altar of Kikubaaqudgha.
  1367 | D:2      | Reached skill level 8 in Polearms
  1367 | D:2      | Reached XP level 5. HP: 18/38 MP: 5/5
  2621 | D:3      | Reached skill level 9 in Polearms
  2829 | D:4      | Reached XP level 6. HP: 42/44 MP: 6/6
  2854 | D:4      | Found a hazy altar of Hepliaklqana.
  2895 | D:4      | Reached skill level 10 in Polearms
  3040 | D:4      | Noticed Duvessa
  3071 | D:4      | Killed Duvessa
  3071 | D:4      | Reached XP level 7. HP: 30/50 MP: 7/7
  3125 | D:4      | Noticed Dowan
  3141 | D:4      | Killed Dowan
  3141 | D:4      | Reached skill level 11 in Polearms
  3392 | D:4      | Found Yrefegy's Weapon Shoppe.
  3542 | D:4      | Reached skill level 12 in Polearms
  3790 | D:5      | Entered Level 5 of the Dungeon
  3906 | D:5      | Found a runed translucent gate.
  3909 | D:5      | Found a runed translucent gate.
  3910 | D:5      | Found a runed translucent gate.
  3911 | D:5      | Noticed mikogus's ghost (novice MfSk)
  3911 | D:5      | Noticed 3AQ79DX4's ghost (novice MiBe)
  3911 | D:5      | Noticed t4s4d4r's ghost (novice VSTm)
  3911 | D:5      | Noticed Statics's ghost (novice GnFi)
  3992 | D:5      | Reached XP level 8. HP: 46/56 MP: 8/8
  4037 | D:5      | Reached skill level 13 in Polearms
  4515 | D:6      | Found a staircase to the Ecumenical Temple.
  4534 | D:6      | Reached skill level 14 in Polearms
  4566 | Temple   | Entered the Ecumenical Temple
  4696 | Temple   | Became a worshipper of Warmaster Okawaru
  5177 | D:6      | Noticed Menkaure
  5179 | D:6      | Killed Menkaure
  5183 | D:6      | Reached skill level 15 in Polearms
  5192 | D:6      | Found a shadowy altar of Dithmenos.
  5221 | D:6      | Reached * piety under Okawaru
  5378 | D:6      | Reached XP level 9. HP: 46/61 MP: 9/9
  5542 | D:7      | Reached skill level 1 in Invocations
  6598 | D:7      | Reached skill level 16 in Polearms
  6626 | D:7      | Reached ** piety under Okawaru
  6685 | D:7      | HP: 3/61 [poisoned by a killer bee]
  6694 | D:8      | Noticed a green ugly thing
  6697 | D:7      | Killed themself with a badly aimed iceblast

Skill      XL: |  1  2  3  4  5  6  7  8  9 |
---------------+----------------------------+-----
Polearms       | 5 6 8 9 10 12 15 16 | 16.2
Invocations    | 4 |  4.9
Fighting       | |  2.1
Throwing       | |  2.0
Dodging        | |  4.0

Action                   |  1- 3 |  4- 6 |  7- 9 || total
-------------------------+-------+-------+-------++-------
Melee: Trident           |   106 |   258 |   538 ||   902
       Punch             |       |       |     1 ||     1
Invok: Heroism           |       |       |     1 ||     1
Evoke: Wand              |       |       |     5 ||     5
  Use: Scroll            |       |     8 |    12 ||    20
       Potion            |       |     1 |    12 ||    13
 Stab: Sleeping          |       |     1 |       ||     1
  Eat: Chunk             |       |     7 |    12 ||    19
Armor: Leather armour    |    22 |    44 |       ||    66
       Chain mail        |       |    28 |   225 ||   253
       Skin              |       |       |    51 ||    51
Dodge: Dodged            |    70 |   177 |   190 ||   437
